 Dungeon Crawl Stone Soup version 0.32-a0-705-g60f233581c (webtiles) character file.

Game seed: 17798169069997108083

872 seren the Sneak (level 8, -1/78 HPs)
             Began as an Octopode Shapeshifter on Mar 14, 2024.
             Was an Initiate of Gozag.
             Slain by an ogre
             ... wielding a +0 giant club
              (10 damage)
             ... on level 5 of the Dungeon.
             The game lasted 00:14:10 (4965 turns).

seren the Sneak (Octopode Shapeshifter)             Turns: 4965, Time: 00:14:11

Health: -1/78      AC: 24    Str: 15    XL:     8   Next: 4%
Magic:  8/8        EV:  2    Int: 13    God:    Gozag
Gold:   358        SH:  6    Dex: 11    Spells: 7/7 levels left

rFire   . .          .
                       - Unarmed
rCold   . . .        A - +2 buckler
rNeg    + + .        (helmet currently unavailable)
rPois   +            (no amulet)
rElec   .            d - ring of positive energy
rCorr   .            i - ring of positive energy
SInv    .            (no ring)
Will    .....        (no ring)
Stlth   +++          (no ring)
HPRegen 0.33/turn    (no ring)
MPRegen 0.11/turn    (no ring)
                     (no ring)

%: no passive effects
@: tree-form
A: stationary, stasis, torment immunity, boosted hp, almost no armour,
(amphibious), 8 rings, (camouflage 1), (gelatinous body 1), (nimble swimmer 1),
(tentacles)
a: Renounce Religion, Potion Petition, Call Merchant, Bribe Branch


You were on level 5 of the Dungeon.
You worshipped Gozag.
Gozag was aware of your devotion.
You were a tree.
You visited 1 branch of the dungeon, and saw 6 of its levels.

You collected 403 gold pieces.
You paid 45 gold pieces to Gozag.

Inventory:

Hand Weapons
 r - a +0 whip of venom
Missiles
 o - 47 stones
 x - 2 javelins (quivered)
Armour
 A - a +2 buckler (worn)
Jewellery
 d - a ring of positive energy (left branch)
 i - a ring of positive energy (right branch)
Talismans
 b - a beast talisman (active)
 c - a flux talisman
 C - a talisman of death
Wands
 u - a wand of flame (50)
Scrolls
 g - a scroll of fog
 j - a scroll of noise
 k - a scroll of blinking {unknown}
 l - a scroll of immolation {unknown}
 m - a scroll of fear {unknown}
 n - a scroll of teleportation {unknown}
 p - 2 scrolls of revelation
 y - a scroll of torment {unknown}
Potions
 e - 2 potions of ambrosia
 f - a potion of degeneration {unknown}
 q - a potion of berserk rage {unknown}
 s - a potion of enlightenment {unknown}
 t - a potion of attraction {unknown}
 v - a potion of cancellation {unknown}
 w - a potion of heal wounds {unknown}
 z - 2 potions of curing
 B - a potion of mutation {unknown}


   Skills:
 + Level 3.0 Fighting
 + Level 3.5 Dodging
 - Level 5.5 Stealth
 * Level 2.0 Shields
 + Level 4.2 Unarmed Combat
 * Level 3.1 Evocations
 * Level 4.8 Shapeshifting


You had 7 spell levels left.
You didn't know any spells.
Your spell library contained the following spells:

 Spells                   Type           Power      Damage    Failure   Level
 Tukima's Dance           Hex            0%         N/A       77%         3
 Passage of Golubria      Tloc           0%         N/A       99%         4
 Summon Forest            Summ/Tloc      0%         N/A       100%        5
 Summon Mana Viper        Hex/Summ       0%         N/A       100%        5
 Yara's Violent Unravell  Hex/Alch       0%         3d3       100%        5
 Summon Cactus Giant      Summ           0%         N/A       100%        6


Dungeon Overview and Level Annotations

Branches:
Dungeon (6/15)
 Temple: D:4-7

Altars:
Gozag
Qazlal
Wu Jian

Annotations:
D:4 Sigmund
D:5 Eustachio


Innate Abilities, Weirdness & Mutations

You are a tree.
Your roots penetrate the ground, keeping you stationary.
You cannot be teleported.
You are immune to unholy pain and torment.
Your maximum health is greatly increased.
You cannot wear most types of armour.
((You are amphibious.))
You can wear up to eight rings at the same time.
((Your skin changes colour to match your surroundings (Stealth+).))
((Your rubbery body absorbs attacks. (AC +1, EV +1)))
((You are camouflaged when in or above water. (Stealth+)))
((You have tentacles for arms and can constrict up to eight enemies at once.))


Message History

You constrict the howler monkey. The howler monkey closely misses you.
You bludgeon the howler monkey!
You kill the howler monkey!
Your Shields skill increases to level 2!
You have reached level 8!
You now have 358 gold pieces (gained 7).
h - 3 scrolls of identify (gained 1)
As you read the scroll of identify, it crumbles to dust.
e - 2 potions of ambrosia
As you read the scroll of identify, it crumbles to dust.
z - 2 potions of curing
As you read the scroll of identify, it crumbles to dust.
j - a scroll of noise An ogre comes into view.
It is wielding a +0 giant club.
The ogre hits you with a +0 giant club!!
Ouch! That really hurt!
* * * LOW HITPOINT WARNING * * *
You are too injured to fight recklessly!
You are too injured to fight recklessly!
Okay, then.
Your transformation has ended.
You turn into a tree.
Your roots penetrate the ground.
You block the ogre's attack.
You barely miss the ogre. You punch the ogre.
The ogre is lightly wounded.
You smack the ogre!
The ogre is severely wounded.
The ogre hits you with a +0 giant club.
* * * LOW HITPOINT WARNING * * *
You hit the ogre.
The ogre is almost dead.
The ogre hits you with a +0 giant club!
* * * LOW HITPOINT WARNING * * *
You hit the ogre.
The ogre is almost dead.
You completely miss the ogre.
The ogre is almost dead.
The ogre hits you with a +0 giant club!
You die...
Your body crumbles into a pile of gold.

# #####.#####
#.....O♣..# #
#.###.###.# ## #.###.#
#. #.....##############
#####...............
.#######.##############
.........# ##########


You could see an ogre.

Vanquished Creatures
  An ice beast (D:5)
  A centaur (D:5)
  2 ogres
  A kobold brigand (D:6)
  A howler monkey (D:5)
  A jelly (D:4)
  2 hounds (D:5)
  An orc priest (D:4)
  Ijyb (D:3)
  An iguana (D:5)
  A sleepcap (D:5)
  An orc wizard (D:3)
  Robin (D:2)
  4 gnolls (D:3)
  4 adders
  A shadow imp (D:5)
  3 ribbon worms
  A dart slug (D:1)
  14 orcs
  8 endoplasms
  3 giant cockroaches
  8 goblins
  7 hobgoblins
  5 jackals
  4 quokkas
  7 ball pythons
  5 bats
  4 frilled lizards
  8 kobolds
  5 rats
106 creatures vanquished.

Notes
Turn   | Place    | Note
-------+----------+-------------------------------------------
     0 | D:1      | seren the Octopode Shapeshifter began the quest for the
                  | Orb.
     0 | D:1      | Reached XP level 1. HP: 13/13 MP: 1/1
   162 | D:1      | Reached XP level 2. HP: 15/18 MP: 2/2
   416 | D:1      | Found a faded altar of an unknown god.
   550 | D:1      | Reached skill level 1 in Stealth
   827 | D:2      | Reached XP level 3. HP: 18/23 MP: 3/3
  1309 | D:2      | Noticed Robin
  1357 | D:2      | Killed Robin
  1362 | D:2      | Reached XP level 4. HP: 12/28 MP: 4/4
  1845 | D:3      | Reached skill level 2 in Stealth
  2007 | D:3      | Found an ornate altar of the Wu Jian Council.
  2328 | D:3      | Reached XP level 5. HP: 34/34 MP: 5/5
  2602 | D:3      | Reached skill level 3 in Stealth
  2706 | D:3      | Noticed Ijyb
  2710 | D:3      | HP: 1/34 [Ijyb/puff of flame (12)]
  2711 | D:3      | Killed Ijyb
  2885 | D:4      | Found an opulent altar of Gozag.
  2890 | D:4      | Became a worshipper of Gozag Ym Sagoz the Greedy
  3026 | D:4      | Noticed an ogre
  3034 | D:4      | Killed an ogre
  3035 | D:4      | Reached skill level 1 in Evocations
  3035 | D:4      | Reached XP level 6. HP: 33/39 MP: 6/6
  3124 | D:3      | Reached skill level 4 in Stealth
  3274 | D:4      | Noticed Sigmund
  3443 | D:5      | Entered Level 5 of the Dungeon
  3585 | D:4      | Found a stormy altar of Qazlal.
  3771 | D:5      | Reached XP level 7. HP: 28/45 MP: 7/7
  4166 | D:5      | Reached skill level 1 in Shields
  4295 | D:5      | Noticed Eustachio
  4468 | D:5      | Reached skill level 5 in Stealth
  4914 | D:5      | Reached XP level 8. HP: 52/52 MP: 8/8
  4965 | D:5      | Slain by an ogre

Illustrated notes

Levels and vault maps discovered:
D:1:      minmay_arrival_checkered_box, layout_loops_ring,
          dreamdust_ecumenical_altar_hidden_monk_grotto, serial_bayou_lagoon_a,
          reono_crystal_passage
D:2:      layout_loops_ring, serial_forest, infiniplex_forest_zigzag_1,
          infiniplex_forest_lined_3_way, infiniplex_forest_end_2,
          infiniplex_forest_lined_ring, infiniplex_forest_zigzag_1,
          infiniplex_forest_clump_tiny, infiniplex_forest_clump_double,
          infiniplex_forest_join, uniq_robin
D:3:      layout_loops_ring, nicolae_wu_jian_wuxing_cycle,
          kennysheep_generic_room_12, uniq_ijyb
D:4:      layout_rooms, nicolae_qazlal_general_emergency,
          nicolae_gozag_cash_rules_everything_around_me, uniq_sigmund
D:5:      layout_loops_corners, cheibriados_altar_1, uniq_grinder,
          uniq_eustachio
D:6:      layout_loops_ring, serial_shops, nicolae_shop_back_alley_shop, shop,
          nicolae_shop_tiny_glass

Skill      XL: |  1  2  3  4  5  6  7 |
---------------+----------------------+-----
Stealth        | 1 2 3 4 5 |  5.5
Fighting       | 2 3 |  3.0
Shapeshifting  | 4 |  4.8
Dodging        | 3 |  3.5
Evocations     | 1 2 3 |  3.1
Shields        | 2 |  2.0
Unarmed Combat | 4 |  4.2

Action                     |  1- 3 |  4- 6 |  7- 9 || total
---------------------------+-------+-------+-------++-------
  Melee: Unarmed           |    67 |   108 |    43 ||   218
         Constrict         |    16 |    31 |    10 ||    57
         Tentacles         |    12 |    32 |    12 ||    56
         Punch             |     1 |     4 |     3 ||     8
  Throw: Javelin           |       |     3 |     2 ||     5
  Evoke: Wand              |       |       |     1 ||     1
    Use: Scroll            |       |     2 |     3 ||     5
         Potion            |       |       |     1 ||     1
   Stab: Sleeping          |    10 |     7 |     4 ||    21
         Distracted        |       |       |     1 ||     1
 Armour: Skin              |    20 |    30 |    18 ||    68
  Dodge: Dodged            |    20 |    57 |    10 ||    87
  Block: Buckler           |       |     5 |     6 ||    11

Table legend: (Time is in decaauts)
 A = Elapsed time spent in this place.
 B = Non-inter-level travel time spent in this place.
 C = Inter-level travel time spent in this place.
 D = Time resting spent in this place.
 E = Time spent auto-exploring this place.
 F = Levels seen in this place.
 G = Mean time per level.
                   A        B        C        D        E       F      G
               +--------+--------+--------+--------+--------+-----+--------+
         Total |   4953 |   4578 |    375 |    632 |   2613 |   6 |  825.5 |
       Dungeon |   4953 |   4578 |    375 |    632 |   2613 |   6 |  825.5 |
               +--------+--------+--------+--------+--------+-----+--------+

Top non-repeatable levels by time:
     D:5: 1293 daAuts
     D:3: 1252 daAuts
     D:2: 1053 daAuts
     D:1: 772 daAuts
     D:4: 564 daAuts
     D:6: 17 daAuts
